[Event "*** Titled Tuesday Blitz"]
[Site "Chess.com"]
[Date "2020.05.19"]
[Round "8"]
[White "MirMan90"]
[Black "Alexander_Zubov"]
[Result "0-1"]
[WhiteElo "2760"]
[BlackElo "2950"]
[TimeControl "180+1"]
[EndTime "13:37:09 PDT"]
[Termination "Alexander_Zubov won by resignation"]

1. e4 c5 2. Nf3 d6 3. d4 cxd4 4. Nxd4 Nf6 5. Nc3 a6 6. h3 e5 7. Nde2 h5 8. g3 Be7 9. Bg2 b5 10. Nd5 Nbd7 11. Nec3 Bb7 12. O-O O-O 13. Nxe7+ Qxe7 14.
Bg5 Qe6 15. a4 b4 16. Nd5 Nxd5 17. exd5 Qg6 18. h4 a5 19. c3 bxc3 20. bxc3 Rac8 21.
Rc1 Ba6 22. Re1 Nf6 23. Qb3 Bc4 24. Qb6 Nxd5 25. Qb7 Rc7 26. Qb2 Rfc8 27. Red1 Qe6 28. Qd2 Rc5 29. Bf3 f6 30. Be3 Nxe3 31. Qxe3 Bd5 32. Bxh5 Rc4 33. Qd3 Be4 34. Qxd6 Qxd6 35. Rxd6 Rxc3 36. Rxc3 Rxc3 37. Rd1 Rc4 38. f3 Bc2 39. Rd8+ Kh7 40. Bf7 Rxa4 41. g4 g6 42. Rd7 Kh6 43. Bg8 g5 44. h5 Rf4 45. Bd5 e4 46. Bxe4 Bxe4 47. fxe4 Rxg4+ 48. Kf2 Rxe4 49. Rd6 Rf4+ 50. Kg3 a4 0-1

[Event "*** Titled Tuesday Blitz"]
[Site "Chess.com"]
[Date "2020.05.19"]
[Round "8"]
[White "NikolaGry"]
[Black "Kobalia"]
[Result "0-1"]
[WhiteElo "2636"]
[BlackElo "2801"]
[TimeControl "180+1"]
[EndTime "13:37:09 PDT"]
[Termination "Kobalia won on time"]

1. b3 e5 2. Bb2 Nc6 3. c4 g6 4.
e3 Nge7 5. Nf3 Bg7 6. d4 exd4 7. Nxd4 O-O 8. Nxc6 Nxc6 9. Bxg7 Kxg7 10. Qd2 Qg5 11. Nc3 d6 12. h4 Qe5 13. h5 Re8 14. O-O-O g5 15. h6+ Kh8 16. Qb2 Bg4 17. Rd2 Ne7 18.
Nd5 Qxb2+ 19. Kxb2 Nxd5 20. Rxd5 f6 21. f3 Bd7 22. e4 b6 23. Rd2 a5 24. a3 Kg8 25. Bd3 Re5 26. Kc3 Kf7 27. g3 Re7 28. f4 gxf4 29. gxf4 Bc6 30. Rg1 Rg8 31. Rxg8 Kxg8 32. Kd4 Kf8 33. f5 Bb7 34. b4 axb4 35. axb4 c5+ 36. Ke3 d5 37. cxd5 Bxd5 38. bxc5 bxc5 39.
Bc2 Bb7 40. Rd8+ Re8 41. Rxe8+ Kxe8 42. Kf4 Ke7 43. e5 Bd5 44. e6 Kd6 45. Be4 Bc4 46.
Bc2 Bb5 47. Be4 Bc4 48. Bc2 Bb5 49. Be4 Ba4 50. Bd3 Bb3 51. Be2 c4 52. Ke3 Bc2 0-1

[Event "*** Titled Tuesday Blitz"]
[Site "Chess.com"]
[Date "2020.05.19"]
[Round "8"]
[White "FontVella8"]
[Black "atwalcb"]
[Result "1-0"]
[WhiteElo "2545"]
[BlackElo "2356"]
[TimeControl "180+1"]
[EndTime "13:37:09 PDT"]
[Termination "FontVella8 won by resignation"]

1. e4 d6 2. d4 Nf6 3. Nc3 Nbd7 4.
g3 e5 5. Nge2 Be7 6. Bg2 O-O 7.
O-O c6 8. h3 Re8 9. Be3 Qc7 10.
a4 b6 11. g4 h6 12. Ng3 Nf8 13. dxe5 dxe5 14. Nf5 Ne6 15. Nd5 cxd5 16. exd5 e4 17.
d6 Bxd6 18. Qxd6 Rd8 19. Qxc7 Nxc7 20. Rfd1 Bb7 21. c4 Ne6 22. b4 Rxd1+ 23. Rxd1 Rd8 24. Rxd8+ Nxd8 25. c5 bxc5 26. Bxc5 Ne6 27. Bxa7 Nf4 28. Be3 Ne2+ 29. Kf1 Nc3 30. a5 Nfd5 31. Bc5 Ba6+ 32. Kg1 Kh7 33. Nd6 Bd3 34. Nxf7 Ne2+ 35. Kh2 Nef4 36.
Ne5 Nxg2 37. Kxg2 Nf4+ 38. Kg3 Ne2+ 39. Kh2 Bb5 40. h4 Nf4 41. h5 Ne6 42. Kg3 Kg8 43. f3 exf3 44. Kxf3 Ng5+ 45. Kf4 Ne6+ 46. Ke4 Ng5+ 47. Kd5 Ba6 48. Kc6 Ne4 49. b5 Bc8 50. a6 Nf6 51. a7 1-0

[Event "*** Titled Tuesday Blitz"]
[Site "Chess.com"]
[Date "2020.05.19"]
[Round "8"]
[White "wanyaland"]
[Black "ValeriyGrinev"]
[Result "0-1"]
[WhiteElo "2340"]
[BlackElo "2535"]
[TimeControl "180+1"]
[EndTime "13:37:10 PDT"]
[Termination "ValeriyGrinev won on time"]

1. d4 Nf6 2. c4 c5 3. d5 e6 4. Nc3 exd5 5. cxd5 d6 6. g3 g6 7. Bg2 Bg7 8. Nf3 O-O 9. O-O a6 10. a4 Nbd7 11. Bf4 Qe7 12. Nd2 Nh5 13. Be3 f5 14.
Nc4 Ne5 15. Nxe5 Bxe5 16. Bh6 Re8 17. e4 f4 18. Bf3 Bh3 19. Re1 Qf7 20. g4 Nf6 21. Kh1 Qd7 22. Rg1 b5 23. g5 Bxc3 24. gxf6 Bxf6 25. Bxf4 Bxb2 26. Rb1 Bd4 27. Qd2 Rf8 28. Rg3 Rf7 29. e5 dxe5 30. Bh6 Rxf3 31. Rxf3 Qxd5 32. Qe2 Bg4 33. Kg2 b4 34. Kg3 Bxf3 35.
Qxf3 Qxf3+ 36. Kxf3 a5 37. Ke4 c4 38. f4 c3 39.
fxe5 c2 40. Rf1 Bc5 41. Kd3 b3 42. Kc3 Rb8 43. Bc1 Bf8 44. Bb2 Bg7 45. Kc4 g5 46. h3 h5 47. Rg1 Kf7 48. Rxg5 c1=Q+ 49. Bxc1 Rc8+ 50. Kxb3 Rxc1 51. Rxh5 Re1 52. e6+ Kxe6 53. Rxa5 Re3+ 54. Kc4 Rc3+ 55. Kb5 Rxh3 56. Ra6+ Kd5 0-1

[Event "*** Titled Tuesday Blitz"]
[Site "Chess.com"]
[Date "2020.05.19"]
[Round "8"]
[White "heartofatiger"]
[Black "manitodeplomo"]
[Result "1-0"]
[WhiteElo "2474"]
[BlackElo "2589"]
[TimeControl "180+1"]
[EndTime "13:37:12 PDT"]
[Termination "heartofatiger won on time"]

1. e4 c5 2. Nc3 Nc6 3. Nge2 g6 4.
g3 Bg7 5. Bg2 Rb8 6. O-O b5 7. d3 b4 8. Nd5 d6 9. c3 e6 10. Ne3 bxc3 11. bxc3 Nge7 12. d4 cxd4 13. cxd4 Ba6 14. Nc2 Bxe2 15. Qxe2 Nxd4 16. Nxd4 Bxd4 17. Bh6 Bxa1 18. Rxa1 e5 19. Bg7 Rg8 20. Bf6 Qd7 21. Rd1 Qe6 22. Bg5 f6 23. Be3 Kf7 24. Bf1 Rgc8 25. Qa6 d5 26. exd5 Nxd5 27. Qxa7+ Ne7 28.
Bc5 Ra8 29. Bc4 Rxa7 30. Bxe6+ Kxe6 31. Rd6+ Kf5 32. Bxa7 Ra8 33. Rd7 Nc6 34. Be3 Rxa2 35. Rxh7 g5 36. h3 Nd4 37. Rh6 Nf3+ 38. Kg2 Ke4 39.
Rxf6 Ne1+ 40. Kf1 Nf3 41. Kg2 Ne1+ 42. Kh1 Nf3 43. Rc6 Ra1+ 44. Rc1 Rxc1+ 45. Bxc1 Kd3 46. Be3 Ke2 47. Kg2 Ne1+ 48. Kg1 Nf3+ 49. Kg2 Ne1+ 50. Kh2 Nf3+ 51. Kh1 e4 52. g4 Kf1 53. Bc5 1-0

[Event "*** Titled Tuesday Blitz"]
[Site "Chess.com"]
[Date "2020.05.19"]
[Round "8"]
[White "grunbergmihai"]
[Black "SerGo055"]
[Result "0-1"]
[WhiteElo "2409"]
[BlackElo "2571"]
[TimeControl "180+1"]
[EndTime "13:37:12 PDT"]
[Termination "SerGo055 won by resignation"]

1. Nf3 Nf6 2. c4 c6 3. g3 d5 4.
Bg2 Bf5 5. O-O e6 6. cxd5 exd5 7. d3 Be7 8. Nc3 O-O 9. Qb3 Qb6 10. Qc2 h6 11. e4 dxe4 12. dxe4 Bh7 13. Be3 Qa5 14. a3 Nbd7 15. b4 Qh5 16. h3 Ne5 17. Nxe5 Qxe5 18. f4 Qe6 19. Rae1 a5 20. f5 Qc4 21. bxa5 Rxa5 22.
a4 Bb4 23. Rc1 Bxc3 24. Qxc3 Qxc3 25. Rxc3 Rxa4 26. e5 Ne4 27. Bxe4 Rxe4 28. Bc5 Re8 29. Bd6 h5 30. Rb3 b5 31. Rc3 Rc8 32. Kg2 g6 33. f6 g5 34. Rfc1 Ra4 35. Kf2 Be4 36.
Re3 Ra2+ 37. Ke1 Bd5 38. Rd3 Rca8 39. e6 fxe6 40. Re3 Kf7 41. Be5 Rh2 42. g4 Raa2 43. Bxh2 Rxh2 44. gxh5 Kxf6 45. Rd1 b4 46. Rd2 Rh1+ 47.
Ke2 b3 48. Kd3 c5 49. Kc3 c4 50. Rf2+ Kg7 51. Re5 Kh6 52. Rf6+ Kxh5 53. Rf8 Rxh3+ 54. Kb2 c3+ 55. Ka3 b2 56. Rh8+ Kg4 57. Rxh3 Kxh3 58. Re1 0-1

[Event "*** Titled Tuesday Blitz"]
[Site "Chess.com"]
[Date "2020.05.19"]
[Round "8"]
[White "Bossche-CM"]
[Black "vaishali2001"]
[Result "0-1"]
[WhiteElo "2463"]
[BlackElo "2626"]
[TimeControl "180+1"]
[EndTime "13:37:13 PDT"]
[Termination "vaishali2001 won on time"]

1. e4 c5 2. b3 g6 3. Bb2 Nf6 4. h4 Bg7 5. e5 Nd5 6. Qf3 Nb4 7. Na3 N8c6 8. O-O-O Nxa2+ 9. Kb1 Nab4 10. h5 Nxe5 11.
Qg3 d6 12. f4 Bf5 13. fxe5 Qa5 14. exd6 Bxc2+ 15. Kc1 Bf5 16. Bb5+ Qxb5 17. Bxg7 Nd3+ 18.
Kc2 Qa5 19. Ra1 Rg8 20. Nc4 Qb5 21. dxe7 Ne5+ 22. Kd1 Nxc4 23. bxc4 Qxc4 24. Bc3 Qb3+ 25. Ke1 Kxe7 26. Qe5+ Kd7 27. Ne2 Rae8 28. Qxc5 Bd3 29.
Qd4+ Kc8 30. Qxd3 gxh5 31. Rh2 Rg6 32. Rb1 Qe6 33. Qh3 Rg4 34. Qe3 Re4 35. Qc5+ Kb8 36.
Kd1 Rxe2 37. Rh4 Re1+ 38. Kc2 Qg6+ 39. d3 Qxg2+ 40. Bd2 Rxb1 41. Qd6+ Ka8 42. Re4 Rc8+ 0-1

[Event "*** Titled Tuesday Blitz"]
[Site "Chess.com"]
[Date "2020.05.19"]
[Round "8"]
[White "Paralinch"]
[Black "chito89"]
[Result "1-0"]
[WhiteElo "2871"]
[BlackElo "2728"]
[TimeControl "180+1"]
[EndTime "13:37:14 PDT"]
[Termination "Paralinch won on time"]

1. e4 g6 2. d4 Bg7 3. Nf3 d6 4. Bc4 c6 5. Bb3 d5 6. Nbd2 Nf6 7. e5 Nfd7 8. O-O e6 9. c3 c5 10. Re1 Nc6 11. Nf1 h6 12. h4 c4 13. Bc2 b5 14.
Bf4 b4 15. Qd2 Qa5 16. Ne3 Rb8 17. Ng4 bxc3 18. bxc3 Rb2 19. Reb1 Rxa2 20. Rxa2 Qxa2 21. Rc1 Na5 22. Nxh6 Bxh6 23. Bxh6 Nb3 24. Bxb3 cxb3 25. Qxa2 bxa2 26. Bg5 Ba6 27. Ra1 Bc4 28. Nd2 Nb6 29.
Nxc4 Nxc4 30. Rxa2 a5 31. Ra1 Kd7 32. Rb1 Kc6 33. g4 a4 34. Rb4 Ra8 35. Rb1 a3 36.
Kg2 Rh8 37. Kg3 Rg8 38. Bf6 Ra8 39. Ra1 Nd2 40. h5 gxh5 41. gxh5 Ne4+ 42. Kf4 Nxf6 43. exf6 Kb5 44. h6 Ka4 45. Ke5 Rh8 46. Rh1 a2 47.
Kd6 Rxh6 48. Rxh6 a1=Q 49. Ke7 Qxc3 50. Kxf7 Qxd4 51. Kg7 Qe5 52. Kg6 Qf5+ 53. Kg7 Qe5 54. f4 1-0

[Event "*** Titled Tuesday Blitz"]
[Site "Chess.com"]
[Date "2020.05.19"]
[Round "8"]
[White "DonBroca"]
[Black "EmeseBalogh"]
[Result "0-1"]
[WhiteElo "2156"]
[BlackElo "1958"]
[TimeControl "180+1"]
[EndTime "13:37:14 PDT"]
[Termination "EmeseBalogh won on time"]

1. e4 d5 2. exd5 Qxd5 3. c4 Qd6 4. d4 c6 5. Nc3 Nf6 6. Nf3 Bf5 7. Be2 e6 8. O-O Nbd7 9. Bg5 Qc7 10. Re1 h6 11.
Bh4 Bd6 12. d5 O-O 13. Rc1 a6 14. h3 exd5 15. cxd5 c5 16. Bxf6 Nxf6 17. Bd3 Bxd3 18. Qxd3 b5 19. Ne4 Nxe4 20. Rxe4 c4 21. Qe2 Qd7 22.
Rd1 Rae8 23. Nd4 Rxe4 24. Qxe4 Re8 25. Qf5 Qe7 26. Nf3 Qe2 27. Qb1 Bc5 28. Rf1 g6 29.
Qc1 Kh7 30. Re1 Bxf2+ 31. Kh1 Bxe1 32. Qf4 f5 33. d6 Qf1+ 34. Kh2 Qd3 35. Ne5 Qxd6 36.
Nxg6 Qxf4+ 37. Nxf4 Re3 38. Kg1 Re2 39. Nd5 Rxb2 40.
Kf1 Ba5 41. Nf6+ Kg6 42. Nd5 c3 43. Nf4+ Kf6 44. Nd3 Ke6 45. Kg1 Kd5 46. Nxb2 Ke6 47. Nd3 Kd5 48. Nc1 Kc4 49. Kf1 c2 50. Ke2 Kc3 51. Nd3 c1=Q 52. g3 b4 53. Nxc1 Kc2 54. Nb3 Bb6 0-1

[Event "*** Titled Tuesday Blitz"]
[Site "Chess.com"]
[Date "2020.05.19"]
[Round "8"]
[White "1stSecond"]
[Black "kirillshevchenko"]
[Result "0-1"]
[WhiteElo "2740"]
[BlackElo "2935"]
[TimeControl "180+1"]
[EndTime "13:37:15 PDT"]
[Termination "kirillshevchenko won by resignation"]

1. Nf3 Nf6 2. g3 g6 3. Bg2 Bg7 4. O-O O-O 5. d4 d5 6. a4 a5 7. Nbd2 Nc6 8. Re1 Bf5 9. c3 Re8 10. Qb3 Rb8 11. Ne5 Nxe5 12. dxe5 Ne4 13. Nxe4 Bxe4 14.
Bxe4 dxe4 15. e6 fxe6 16. Qxe6+ Kh8 17. Bf4 Qc8 18. Qxe4 e5 19. Bg5 Qe6 20. Red1 c6 21. Rd2 Rf8 22. Rad1 Qf7 23. Be3 Rbe8 24. Bc5 Rg8 25.
Rd7 Qb3 26. R1d2 Bh6 27. Qh4 Bg7 28. Rf7 Qxf7 29. Bb6 e4 30. Be3 Bf6 31. Qf4 Rd8 32. Bd4 Rdf8 33. Bc5 Re8 34. Rd6 Re6 35. Rd1 Qg7 36.
Bb6 Rge8 37. Bxa5 e3 38. f3 g5 39. Qg4 Qg6 40. Rd7 R8e7 41. Rd1 h5 42. Qc4 g4 43. Rf1 gxf3 44. Rxf3 Bg7 45. Bd8 Rf7 46.
Bh4 Rxf3 47. exf3 e2 48. g4 e1=Q+ 49. Bxe1 Rxe1+ 50. Kf2 Re5 51. Qf4 Qf6 52. Qxf6 Bxf6 0-1

[Event "*** Titled Tuesday Blitz"]
[Site "Chess.com"]
[Date "2020.05.19"]
[Round "8"]
[White "promen1999"]
[Black "Man-Chuk"]
[Result "1-0"]
[WhiteElo "2898"]
[BlackElo "2738"]
[TimeControl "180+1"]
[EndTime "13:37:16 PDT"]
[Termination "promen1999 won by resignation"]

1. Nf3 d5 2. g3 g6 3. Bg2 Bg7 4. d4 Nd7 5. O-O Ngf6 6. c4 dxc4 7. a4 a5 8. Qc2 Nb6 9. Nbd2 O-O 10. Nxc4 Bf5 11.
Qc3 Ne4 12. Qb3 Be6 13. Qc2 Bxc4 14. Qxe4 Bd5 15. Qc2 f5 16. Rd1 Be4 17. Qc5 Qd6 18. Bf4 Qxc5 19. dxc5 Nd5 20. Be5 c6 21. Bxg7 Kxg7 22.
Ng5 Rf6 23. Nxe4 fxe4 24. Bxe4 e6 25. Bg2 g5 26. e4 Nb4 27. Rd7+ Rf7 28. Rad1 Rf8 29.
Bh3 Kf6 30. R7d6 Re7 31. f4 gxf4 32. gxf4 Na6 33. Rc1 Kg7 34. f5 exf5 35. Bxf5 Re5 36. Rc3 Nxc5 37. Rg3+ Kh8 38. Rh6 Re7 39. Rg4 Nd3 40.
b3 Rg8 41. Rxg8+ Kxg8 42. Rd6 Ne5 43. Kf2 Kg7 44. Ke3 b6 45. Kf4 b5 46. axb5 cxb5 47.
Rd5 Nc6 48. Rxb5 Rc7 49. Rc5 Kf6 50. e5+ Ke7 51. Be4 Kd7 52. Rxc6 Rxc6 53. Bxc6+ Kxc6 54. Kf5 Kc5 55. e6 a4 56. bxa4 1-0

[Event "*** Titled Tuesday Blitz"]
[Site "Chess.com"]
[Date "2020.05.19"]
[Round "8"]
[White "Hasangatin_Ramil"]
[Black "ChelsieMonica"]
[Result "1-0"]
[WhiteElo "2598"]
[BlackElo "2369"]
[TimeControl "180+1"]
[EndTime "13:37:16 PDT"]
[Termination "Hasangatin_Ramil won by checkmate"]

1. e4 e5 2. Nf3 Nc6 3. Bb5 a6 4. Ba4 Nf6 5. Bxc6 dxc6 6. d3 Bd6 7. Bg5 h6 8. Bh4 O-O 9. Nbd2 b5 10. Qe2 Qe7 11. O-O Qe6 12. d4 Nd7 13. Bg3 f6 14. Rfe1 a5 15. c4 bxc4 16. Qxc4 Qxc4 17. Nxc4 Ba6 18. Rac1 Bxc4 19. Rxc4 c5 20. dxe5 fxe5 21. Rc2 Rab8 22. Nd2 a4 23. f3 Rb4 24. Nc4 Rfb8 25. Ree2 Kf7 26. Be1 R4b5 27. Bc3 Ke6 28. Red2 Nb6 29.
Na3 Nc8 30. Nxb5 Rxb5 31. g3 Nb6 32. f4 Nc4 33. f5+ Kf6 34. Re2 Nb6 35. Kg2 c4 36. g4 Kf7 37. h4 Be7 38. Kg3 Nd7 39. Rcd2 Bd6 40. g5 hxg5 41. hxg5 Nc5 42. Rd5 a3 43.
bxa3 Nxe4+ 44. Rxe4 Rxd5 45. Rxc4 e4+ 46. Kg4 Rd3 47. g6+ Kf8 48. Bb4 Rg3+ 49. Kh4 Rf3 50. Bxd6+ cxd6 51. Rc8+ Ke7 52. Rc7+ Ke8 53. Kg4 Rxa3 54.
Rxg7 e3 55. f6 e2 56. Re7+ Kf8 57. g7+ Kg8 58. Re8+ Kf7 59. g8=Q+ Kxf6 60. Re6# 1-0

[Event "*** Titled Tuesday Blitz"]
[Site "Chess.com"]
[Date "2020.05.19"]
[Round "8"]
[White "temus_galaktionov"]
[Black "Marcan2b"]
[Result "0-1"]
[WhiteElo "2688"]
[BlackElo "2485"]
[TimeControl "180+1"]
[EndTime "13:37:17 PDT"]
[Termination "Marcan2b won on time"]

1. d4 Nf6 2. Nf3 g6 3. c4 Bg7 4. Nc3 O-O 5. e4 d6 6. Be2 Nbd7 7. O-O e5 8. Be3 Qe7 9. dxe5 dxe5 10.
Nd5 Qd8 11. Qc2 Nh5 12. Rfd1 c6 13. Nc3 Qe7 14. a3 Nf4 15. b4 Ne6 16. c5 Re8 17. Bc4 a5 18. Rab1 axb4 19. axb4 Ra3 20. Qb2 Ra8 21. Rd6 Ndf8 22. Rbd1 h6 23. Qb3 Nf4 24. Na4 Bg4 25. Nb6 Bxf3 26. gxf3 Qg5+ 27. Kf1 Qg2+ 28. Ke1 N8e6 29. Nxa8 Ng5 30. Bxf4 exf4 31. Ke2 Rxa8 32. Rd8+ Rxd8 33. Rxd8+ Kh7 34. Bxf7 h5 35. Rd6 Nh3 36. Rxg6 Qxf2+ 37. Kd1 Qf1+ 38. Kc2 Qe2+ 39. Kc1 Qe1+ 40.
Qd1 Qc3+ 41. Qc2 Qa3+ 42. Kd2 Qe3+ 43. Kd1 Nf2+ 44. Qxf2 Qxf2 45. Rd6 Qxf3+ 46. Kc1 Qc3+ 47. Kd1 Be5 48. Rd7 Kh6 49. Be8 Kg5 0-1

[Event "*** Titled Tuesday Blitz"]
[Site "Chess.com"]
[Date "2020.05.19"]
[Round "8"]
[White "Chessmatus"]
[Black "PavelShkapenko"]
[Result "1/2-1/2"]
[WhiteElo "2494"]
[BlackElo "2656"]
[TimeControl "180+1"]
[EndTime "13:37:17 PDT"]
[Termination "Game drawn - insufficient material"]

1. e4 c5 2. Nf3 e6 3. d4 cxd4 4. Nxd4 Nf6 5. Nc3 Nc6 6. Ndb5 Bb4 7. a3 Bxc3+ 8. Nxc3 d5 9. exd5 exd5 10. Bd3 d4 11.
Ne2 Bf5 12. O-O Bg6 13. b4 O-O 14. Bb2 Rc8 15. Bxg6 hxg6 16. Nxd4 Qd5 17. Nf3 Ne7 18. Re1 Qxd1 19. Raxd1 Ned5 20. Bxf6 Nxf6 21. Re7 b5 22. Rxa7 Rxc2 23. Rb7 Ra2 24. Rxb5 Rxa3 25. h3 Ne4 26.
Re1 Nc3 27. Rc5 Rb3 28. Rc4 Nd5 29. Ree4 Rb8 30. Ng5 R3xb4 31. Rxb4 Nxb4 32. Re7 Rf8 33. Rd7 Nc6 34. f4 f6 35. Ne6 Rf7 36. Rxf7 Kxf7 37.
Nc5 Ke7 38. Kf2 Kd6 39. Nd3 Kd5 40. Ke3 Ne7 41. g4 Ke6 42. Ke4 f5+ 43. Kf3 Kd5 44. Ne1 Kd4 45. Ng2 Kd3 46. Ne1+ Kd2 47. Ng2 Nc6 48. Nh4 Nd4+ 49. Kf2 fxg4 50. hxg4 g5 51. fxg5 Ne6 52. g6 Kd3 53. Kf3 Kd4 54. Nf5+ Ke5 55.
Kg3 Kf6 56. Kh4 Kxg6 57. Nxg7 Kxg7 58. g5 Nxg5 1/2-1/2

[Event "*** Titled Tuesday Blitz"]
[Site "Chess.com"]
[Date "2020.05.19"]
[Round "8"]
[White "Abund"]
[Black "ehrenfeld"]
[Result "1-0"]
[WhiteElo "2616"]
[BlackElo "2447"]
[TimeControl "180+1"]
[EndTime "13:37:18 PDT"]
[Termination "Abund won on time"]

1. d4 f5 2. Bg5 g6 3. Nc3 Bg7 4.
e4 fxe4 5. Nxe4 d5 6. Ng3 c5 7. Nf3 Nc6 8. c3 cxd4 9. Nxd4 Nxd4 10. cxd4 Qb6 11. Be3 Qxb2 12. Rb1 Qc3+ 13. Qd2 Qxd2+ 14. Kxd2 Nf6 15. Bb5+ Kf7 16. Rhc1 h5 17. h3 h4 18. Ne2 Bf5 19. Bd3 b6 20. Rc7 Rhc8 21.
Rbc1 Rxc7 22. Rxc7 Bxd3 23. Kxd3 Ne8 24. Rc6 Rd8 25. Bg5 Bf6 26. Bf4 g5 27. Be3 Nd6 28.
Ng1 Rc8 29. Rxc8 Nxc8 30. Nf3 Kg6 31. g3 hxg3 32. fxg3 Nd6 33. g4 e6 34. Bf2 Nf7 35. Bg3 Be7 36. Bb8 a6 37. Bc7 b5 38. Ne5+ Nxe5+ 39. Bxe5 Bf6 40. Bd6 Bd8 41. Kc3 Ba5+ 42. Kb3 Be1 43. Be5 Bd2 44. Kc2 Be1 45. Kd3 a5 46.
Kc2 a4 47. Kd3 b4 48. Kc2 1-0

[Event "*** Titled Tuesday Blitz"]
[Site "Chess.com"]
[Date "2020.05.19"]
[Round "8"]
[White "RojonR"]
[Black "vpantev"]
[Result "1-0"]
[WhiteElo "2431"]
[BlackElo "2549"]
[TimeControl "180+1"]
[EndTime "13:37:18 PDT"]
[Termination "RojonR won by checkmate"]

1. e4 c6 2. Nc3 d5 3. Qe2 dxe4 4.
Nxe4 Nf6 5. Nxf6+ gxf6 6. Nf3 Bf5 7. d4 e6 8. c3 Nd7 9. Nh4 Bg6 10. Nxg6 hxg6 11.
g3 f5 12. Bg2 Nf6 13. Bf4 Bd6 14. Be5 Qe7 15. O-O-O O-O-O 16. f4 Rhe8 17. Kb1 Nd5 18. c4 Nc7 19. Qe3 f6 20. Bxd6 Qxd6 21.
Bf3 Kb8 22. Rhe1 Na6 23. h4 c5 24. dxc5 Qxc5 25. Rxd8+ Rxd8 26. Qxe6 Nc7 27. Qxf6 Rf8 28. Qc3 Qf2 29. Re7 Qxg3 30. Qe5 Qg1+ 31. Kc2 Qf2+ 32.
Be2 Rc8 33. a4 a6 34. a5 Qe1 35. Qc3 Qf2 36. Qe5 Qe1 37. h5 gxh5 38. Bxh5 Qb4 39.
Bf3 Qxc4+ 40. Kd2 Rd8+ 41. Ke1 Qc1+ 42. Kf2 Qd2+ 43. Be2 Rc8 44. Qxf5 Qxb2 45. Qe5 Qc1 46. f5 Qh6 47. f6 Qh4+ 48. Ke3 Qh6+ 49. Kf2 Qh4+ 50. Ke3 Qh3+ 51. Ke4 Qg2+ 52. Bf3 Qc2+ 53. Kf4 Rd8 54. f7 Qd2+ 55. Kf5 Qc2+ 56. Kf6 Rd3 57. Be4 Qf2+ 58. Bf5 Rd8 59. Qxc7+ Ka7 60. Qxb7# 1-0

[Event "*** Titled Tuesday Blitz"]
[Site "Chess.com"]
[Date "2020.05.19"]
[Round "8"]
[White "lili_ani"]
[Black "stasiek18"]
[Result "0-1"]
[WhiteElo "2545"]
[BlackElo "2370"]
[TimeControl "180+1"]
[EndTime "13:37:19 PDT"]
[Termination "stasiek18 won on time"]

1. d4 Nf6 2. c4 g6 3. Nf3 Bg7 4. Nc3 d5 5. cxd5 Nxd5 6. Bd2 O-O 7. g3 Nc6 8. Bg2 Nb6 9. e3 e5 10. dxe5 Nxe5 11. Nxe5 Bxe5 12. O-O Qe7 13. Qe2 Be6 14. b3 c6 15. Rac1 a5 16. Ne4 Bd5 17. Nc5 Bxg2 18.
Kxg2 a4 19. Nd3 Bg7 20. Bb4 Qe4+ 21. f3 Qe6 22. Bxf8 Rxf8 23. e4 axb3 24. Nc5 Qe7 25.
axb3 Nd5 26. Rfe1 Nc3 27. Qc4 b5 28. Qb4 Na2 29. Qd2 Nxc1 30. Rxc1 Rd8 31. Qe2 h5 32. f4 h4 33. e5 Rd5 34. Ne4 Qd7 35. Rc2 h3+ 36.
Kf3 Rd3+ 37. Kf2 Qd4+ 38. Ke1 Qg1+ 39. Qf1 Rd1+ 40. Kxd1 Qxf1+ 41. Kd2 Bf8 42. Rxc6 Bb4+ 43. Ke3 Qg1+ 44. Kf3 Qg2+ 45. Ke3 Qxh2 46. Nf6+ Kg7 47.
Rc8 Qxg3+ 48. Ke4 Bf8 49. Ne8+ Kh6 50. Nf6 Bg7 51. Ng8+ Kh7 52. Ne7 h2 0-1

[Event "*** Titled Tuesday Blitz"]
[Site "Chess.com"]
[Date "2020.05.19"]
[Round "8"]
[White "Tolya2"]
[Black "Nara_Kh"]
[Result "1-0"]
[WhiteElo "2445"]
[BlackElo "2276"]
[TimeControl "180+1"]
[EndTime "13:37:19 PDT"]
[Termination "Tolya2 won on time"]

1. Nf3 Nf6 2. d4 g6 3. g3 Bg7 4. Bg2 O-O 5. O-O d6 6. b3 Nc6 7. Bb2 a5 8. a3 e5 9. dxe5 Ng4 10. Qd2 Ngxe5 11. Nxe5 Nxe5 12. Nc3 a4 13. h3 axb3 14. cxb3 Be6 15. Qc2 c6 16. Rad1 Qb6 17. b4 Nc4 18. Qb1 Nxa3 19. Bxa3 Rxa3 20. Ne4 d5 21. Nc5 Bf5 22. e4 dxe4 23. Nxe4 Re8 24. g4 Bxe4 25. Bxe4 Rxh3 26. Bg2 Rh4 27. Rd7 Rxg4 28. Qb3 Rf8 29. b5 Be5 30. Re1 Bd4 31. Re2 Rf4 32. Qg3 Rf6 33.
bxc6 bxc6 34. Rd6 Qb1+ 35. Kh2 Rxd6 36. Qxd6 Qa1 37. f4 Kg7 38. Qxc6 Qg1+ 39. Kh3 Qa1 40. Qd5 Qc3+ 41. Qf3 Qc5 42. Rd2 Qf5+ 43. Kg3 Bf6 44. Rd5 Qc2 45. Qd3 Qb2 46. Rd6 h5 47. Rd7 h4+ 48.
Kh3 Qf2 49. Qf3 Qc5 50. Rd5 Qc8+ 51. Qg4 Qc3+ 52. Qf3 Qc8+ 53. Qg4 Qc4 54. f5 Re8 55.
fxg6 Re3+ 56. Kh2 Qc7+ 57. Kg1 Qc1+ 58. Kf2 1-0

[Event "*** Titled Tuesday Blitz"]
[Site "Chess.com"]
[Date "2020.05.19"]
[Round "8"]
[White "vladislavkovalev"]
[Black "kuban1991"]
[Result "1-0"]
[WhiteElo "2915"]
[BlackElo "2755"]
[TimeControl "180+1"]
[EndTime "13:37:20 PDT"]
[Termination "vladislavkovalev won on time"]

1. e4 e6 2. d4 d5 3. Bd3 c5 4. exd5 exd5 5. Nf3 Nc6 6. O-O c4 7. Re1+ Be7 8. Bf1 Nf6 9. b3 cxb3 10. axb3 O-O 11. h3 Bf5 12. c4 h6 13. Nc3 Nb4 14. Ba3 a5 15. Qd2 Re8 16. Re5 Be4 17. Nxe4 Nxe4 18.
Qb2 Bf6 19. Rxe8+ Qxe8 20. Re1 Qd7 21. Ne5 Qf5 22. cxd5 Nd6 23. Nc4 Nb5 24. Bxb4 axb4 25. Nb6 Nxd4 26. Nxa8 Nf3+ 27. gxf3 Bxb2 28. Nc7 Be5 29.
Nb5 Qf4 30. Bg2 g6 31. Re4 Qc1+ 32. Bf1 f6 33. f4 Bxf4 34. Rc4 Qd2 35. Rd4 Qc1 36. d6 Bxd6 37. Nxd6 Qg5+ 38. Rg4 Qe5 39. Nc4 Qc3 40. Rxg6+ Kh7 41. Rg3 Qc1 42. Kg2 f5 43.
Bd3 Qf4 44. Ne3 Qd4 45. Nxf5 Qd5+ 46. Kh2 Qxb3 47. Nd6+ Kh8 48. Bc4 1-0

[Event "*** Titled Tuesday Blitz"]
[Site "Chess.com"]
[Date "2020.05.19"]
[Round "8"]
[White "1977Ivan"]
[Black "mishikomchedlishvili"]
[Result "0-1"]
[WhiteElo "2632"]
[BlackElo "2848"]
[TimeControl "180+1"]
[EndTime "13:37:20 PDT"]
[Termination "mishikomchedlishvili won by resignation"]

1. d4 d6 2. e4 Nf6 3. Nc3 g6 4. f4 Bg7 5. Nf3 O-O 6. e5 dxe5 7. dxe5 Qxd1+ 8. Kxd1 Nh5 9. Bc4 Bg4 10. Rf1 Nc6 11.
Be3 Rad8+ 12. Ke1 Bh6 13. g3 Ng7 14. Bd5 Nb4 15. Be4 Bf5 16. Bc5 Bxe4 17. Bxb4 Bxf3 18. Rxf3 Rfe8 19. Rd1 Nf5 20. Rfd3 Rxd3 21. Rxd3 b6 22. Nd5 c5 23. Bc3 Bf8 24. g4 Ng7 25. Nc7 Rb8 26. a4 Rb7 27. Nd5 Ne8 28. f5 Rd7 29.
Ke2 e6 30. fxe6 fxe6 31. Nf6+ Nxf6 32. exf6 Rd5 33. Kf3 Kf7 34. Ke4 Rxd3 35. cxd3 a6 36. Be5 b5 37. a5 Bh6 38. h4 Bc1 39. d4 c4 40. d5 exd5+ 41. Kxd5 Bd2 42. g5 Bxa5 43.
Kc6 Bd2 44. Kb6 b4 45. Kxa6 c3 46. bxc3 bxc3 47. Kb5 c2 48. Bb2 c1=Q 49. Bxc1 Bxc1 50. Kc4 Bd2 51. Kd3 Be1 52. Ke4 Bxh4 53. Kf4 Be1 54. Kg4 Bd2 55. Kh4 h5 56. gxh6 Bxh6 0-1

[Event "*** Titled Tuesday Blitz"]
[Site "Chess.com"]
[Date "2020.05.19"]
[Round "8"]
[White "santosalberto1987"]
[Black "DaggiGretarsson"]
[Result "0-1"]
[WhiteElo "2483"]
[BlackElo "2622"]
[TimeControl "180+1"]
[EndTime "13:37:20 PDT"]
[Termination "DaggiGretarsson won on time"]

1. e4 g6 2. d4 Bg7 3. Nc3 d6 4.
Be3 a6 5. Nf3 b5 6. Bd3 Nd7 7.
d5 Bb7 8. Nd4 Ngf6 9. f3 Ne5 10.
Qd2 c5 11. dxc6 Nxc6 12. g4 h5 13. g5 Nd7 14. Nxc6 Bxc6 15. O-O-O Qa5 16. Kb1 Bxc3 17.
Qxc3 Qxc3 18. bxc3 O-O 19. f4 Rfc8 20. Rhf1 Bb7 21.
Kb2 Nc5 22. Bd4 Na4+ 23. Kb3 d5 24. e5 e6 25. Rf3 Rc7 26. Bf1 Bc6 27. a3 Rb7 28. Be2 Rc8 29. Bf1 Bd7 30. Bd3 a5 31. Be2 Nb6 32. Rff1 Rcb8 33. Ka2 Nc8 34. Rb1 Ne7 35.
Rb2 Nc6 36. Rfb1 b4 37. Bc5 Ra8 38. cxb4 axb4 39. Bxb4 Nd4 40. Bd1 Bb5 41. c3 Bc4+ 42. Ka1 Rxb4 43. Rxb4 Rxa3+ 44. Kb2 Ra2+ 45. Kc1 Nf5 46.
R4b2 Ra3 47. Kd2 d4 48. cxd4 Rd3+ 49. Ke1 Nxd4 50. Rb4 Bd5 0-1